 Dungeon Crawl Stone Soup version 0.25-a0-420-g1cc7eeb0d1 (webtiles) character file.

Game seed: 17228994578826004607, levelgen mode: deterministic

13911 ReteAZ the Severer (level 11, -16/90 HPs)
             Began as a Minotaur Monk on Jan 19, 2020.
             Was a High Priest of Okawaru.
             Hit by a silver javelin thrown by a minotaur (32 damage)
             ... in a Gauntlet.
             The game lasted 00:22:16 (11606 turns).

ReteAZ the Severer (Minotaur Monk)                 Turns: 11606, Time: 00:22:17

Health: -16/90     AC: 13    Str: 19      XL:     11   Next: 81%
Magic:  4/10       EV: 11    Int:  7      God:    Okawaru [*****.]
Gold:   374        SH:  5    Dex: 14 (15) Spells: 10/10 levels left

rFire    + + +     SeeInvis .   l - +2 war axe (distort)
rCold    + . .     Gourm    .   r - +0 buckler
rNeg     . . .     Faith    .   Q - +0 scale mail {rF+}
rPois    .         Spirit   .   b - +2 hat
rElec    .         Reflect  .   y - scarf {rC+ rF+}
rCorr    .         Harm     .   I - +2 pair of gloves
MR       +....     NoTele   +   U - +1 pair of boots "Nak Cim" {MR+}
Stlth    ..........             (no amulet)
HPRegen  0.25/turn              x - +1 ring of slaying
MPRegen  0.12/turn              F - ring of protection from fire

@: finesse
A: retaliatory headbutt, horns 2, agile 1, deterioration 1, robust 1
a: Heroism, Finesse, Renounce Religion


You were in a Gauntlet.
You worshipped Okawaru.
Okawaru was extremely pleased with you.
You were very hungry.

You visited 2 branches of the dungeon, and saw 13 of its levels.
You also visited: Gauntlet.

You collected 614 gold pieces.
You spent 240 gold pieces at shops.

Inventory:

Hand Weapons
 g - a +4 scimitar of flaming
 l - a +2 war axe of distortion (weapon)
 T - a +0 great mace of venom
Missiles
 N - 15 poisoned darts (quivered)
 P - 4 atropa-tipped darts
Armour
 b - a +2 hat (worn)
 j - a scarf of cloud immunity
 m - a +2 pair of boots
 r - a +0 buckler (worn)
 y - a scarf of resistance (worn)
 z - a +2 scale mail of cold resistance
 C - a scarf of spirit shield
 I - a +2 pair of gloves (worn)
 O - a +0 plate armour
 Q - a +0 scale mail of fire resistance (worn)
 U - the +1 pair of boots "Nak Cim" (worn) {MR+}
   (You found it in a Gauntlet)

   It affects your resistance to hostile enchantments.
Jewellery
 u - an uncursed ring of ice
 x - a +1 ring of slaying (left hand)
 E - a +3 ring of dexterity
 F - a ring of protection from fire (right hand)
Wands
 i - a wand of paralysis (3)
 p - a wand of enslavement (6)
 G - a wand of acid (12)
 H - a wand of clouds (3)
 S - a wand of random effects (18)
Scrolls
 d - 2 scrolls of magic mapping
 e - 6 scrolls of teleportation
 h - 5 scrolls of identify
 q - 2 scrolls of enchant weapon
 s - 3 scrolls of blinking
 w - 2 scrolls of amnesia
 B - a scroll of vulnerability
Potions
 k - a potion of cancellation
 n - a potion of magic
 o - a potion of might
 v - 2 potions of curing
 A - a potion of brilliance
 D - 2 potions of berserk rage
 J - a potion of lignification
 K - a potion of resistance
 L - a potion of degeneration
 M - a potion of mutation
Comestibles
 c - 24 rations


   Skills:
 - Level 3.6 Fighting
 + Level 20.3 Axes
 - Level 1.3 Armour
 - Level 3.2 Dodging
 - Level 1.5 Stealth
 - Level 4.1 Shields


You had 10 spell levels left.
You didn't know any spells.
Your spell library contained the following spells:

 Spells                   Type           Power        Failure   Level  Hunger
 Summon Small Mammal      Summ           #...         82%         1    ##.....
 Call Imp                 Summ           #.......     91%         2    ###....
 Call Canine Familiar     Summ           #.......     99%         3    ####...
 Summon Guardian Golem    Hex/Summ       #.......     99%         3    ####...
 Summon Ice Beast         Ice/Summ       #.......     100%        4    #####..
 Summon Lightning Spire   Summ/Air       #.......     100%        4    #####..


Dungeon Overview and Level Annotations

Branches:
Dungeon (12/15)            Temple (1/1) D:7            Lair (0/6) D:8
    Orc (0/2) D:9         Gauntlet (1/1)

Altars:
Ashenzari
Cheibriados
Dithmenos
Elyvilon
Fedhas
Gozag
Hepliaklqana
Kikubaaqudgha
Makhleb
Nemelex Xobeh
Okawaru
Qazlal
Ru
Sif Muna
Trog
Uskayaw
Vehumet
Wu Jian
Xom
Yredelemnul
Zin
The Shining One

Shops:
D:8 *   D:9 ([

Annotations:
D:7 2 transporters, DerDa's ghost, novice MiBe Gauntlet 22 runed translucent doors, 8 transporters


Innate Abilities, Weirdness & Mutations

You reflexively headbutt those who attack you in melee.
You have a pair of horns on your head.
You are agile. (Dex +2)
Your body sometimes deteriorates upon taking damage.
You are robust. (+10% HP)


Message History

You hit the minotaur.
The minotaur is lightly wounded.
The minotaur blinks!
The minotaur throws a silver javelin.
The silver javelin pierces through you!!
The silver sears you!
The minotaur throws a silver javelin.
The silver javelin barely misses you.
There is a gate leading back out of this place here.
Items here: ((( / : ?
G - a wand of acid (12) (gained 9 charges)
The minotaur throws a silver javelin.
The silver javelin pierces through you!!
* * * LOW HITPOINT WARNING * * *
Your body deteriorates!
You feel clumsy. The silver sears you!
* * * LOW HITPOINT WARNING * * *
Okay, then.
You feel like a meek peon again.
The minotaur throws a silver javelin.
The silver javelin pierces through you!!
You die...

## ### #≈..
#....######..
.##.##....####.
....##.##..##≈.
.## #....##...##.
....##.##.......#.
#....##.##.©8.#.
######.H..##....#.
#@(..'(##....©8.#.
######.##.##....#.
#....##.©8.#.
#.##.......#.
..##.##...##.
#....##..##≈. #.#
.. .# ##. ..# ##..
#≈..


You could see a minotaur.

Vanquished Creatures
  Harold (D:7)
  Erica (D:10)
  2 two-headed ogres
  Pikel (D:7)
  3 cyclopes
  A manticore (D:8)
  2 hornets (D:10)
  A hippogriff (D:8)
  6 shadows (Gauntlet)
  15 yaks
  Menkaure (D:6)
  A soldier ant (D:10)
  Duvessa (D:7)
  3 orc warriors
  A water moccasin (D:12)
  A slave (D:7)
  2 sky beasts
  A phantom (D:5)
  A necrophage (D:9)
  2 black bears
  6 ogres
  4 centaurs
  A big kobold (D:11)
  7 bullfrogs
  A water moccasin zombie (D:8)
  Dowan (D:7)
  A scorpion (D:7)
  13 killer bees
  A howler monkey (D:4)
  2 wights (D:11)
  An electric eel (D:9)
  3 crimson imps
  A jelly (D:10)
  A centaur zombie (D:8)
  4 hounds
  2 orc priests
  2 bullfrog skeletons
  6 orc wizards
  An iguana (D:8)
  6 worker ants
  3 worker ant zombies
  A howler monkey skeleton (D:6)
  20 adders
  4 gnolls (D:4)
  A shadow imp (D:8)
  2 oozes (D:2)
  2 adder zombies
  2 worms (D:3)
  5 dart slugs
  4 leopard geckos
  30 orcs
  5 ball pythons
  7 bats
  6 giant cockroaches
  13 goblins
  9 hobgoblins
  9 jackals
  5 quokkas
  A frilled lizard (D:3)
  A jackal skeleton (D:4)
  17 kobolds
  A leopard gecko skeleton (D:7)
  6 rats
  A fungus (D:8)
266 creatures vanquished.

Vanquished Creatures (others)
  A slime creature (D:12)
  An ugly thing (D:11)
  A troll (D:9)
  A shadow (Gauntlet)
  An ogre (D:10)
  A centaur (D:10)
  A killer bee (D:11)
  A wight (D:11)
  6 plants (D:7)
  4 withered plants (Gauntlet)
18 creatures vanquished.

Grand Total: 284 creatures vanquished

Notes
Turn   | Place    | Note
-------+----------+-------------------------------------------
     0 | D:1      | ReteAZ the Minotaur Monk began the quest for the Orb.
     0 | D:1      | Reached XP level 1. HP: 19/19 MP: 0/0
    54 | D:1      | Reached skill level 4 in Axes
   227 | D:1      | Reached XP level 2. HP: 26/26 MP: 1/1
   555 | D:1      | Reached skill level 5 in Axes
   731 | D:1      | Reached XP level 3. HP: 31/31 MP: 2/2
   957 | D:1      | Found a shimmering altar of Xom.
  1518 | D:2      | Reached skill level 6 in Axes
  1518 | D:2      | Reached XP level 4. HP: 26/39 MP: 3/3
  1907 | D:2      | Gained mutation: Your body sometimes deteriorates upon
                  | taking damage. [potion of mutation]
  1907 | D:2      | Gained mutation: You are robust. (+10% HP) [potion of
                  | mutation]
  1907 | D:2      | Gained mutation: You are agile. (Dex +2) [potion of
                  | mutation]
  2238 | D:2      | Reached XP level 5. HP: 49/49 MP: 4/4
  2242 | D:2      | Reached skill level 7 in Axes
  2647 | D:3      | Found a shimmering blue altar of Sif Muna.
  2868 | D:4      | Noticed an ogre
  3240 | D:4      | Reached skill level 8 in Axes
  3281 | D:4      | Reached XP level 6. HP: 48/56 MP: 5/5
  3359 | D:5      | Entered Level 5 of the Dungeon
  3400 | D:5      | Reached skill level 9 in Axes
  3400 | D:5      | Reached skill level 1 in Armour
  3486 | D:5      | Noticed a sky beast
  3495 | D:5      | Killed a sky beast
  3495 | D:5      | Reached XP level 7. HP: 53/62 MP: 6/6
  3702 | D:5      | Reached skill level 10 in Axes
  4044 | D:6      | Noticed Menkaure
  4822 | D:6      | Reached XP level 8. HP: 65/70 MP: 7/7
  4870 | D:6      | Killed Menkaure
  4870 | D:6      | Reached skill level 11 in Axes
  5640 | D:7      | Reached skill level 12 in Axes
  5725 | D:7      | Identified the +10 spear "Urrit Tucs" {venom, rF+ rN+
                  | Dex-2}
  5725 | D:7      | Identified the cursed +0 ring mail of the Learner {rC++
                  | Int+2}
  5725 | D:7      | Identified the +0 buckler "Sorchogh" {*Contam rN+ Regen+
                  | Int+8 Stlth+}
  5777 | D:7      | Noticed Harold
  5790 | D:7      | Killed Harold
  5790 | D:7      | Reached skill level 13 in Axes
  5790 | D:7      | Reached XP level 9. HP: 19/77 MP: 8/8
  6062 | D:7      | Noticed Duvessa
  6068 | D:7      | Noticed Dowan
  6074 | D:7      | Killed Duvessa
  6082 | D:7      | Killed Dowan
  6082 | D:7      | Reached skill level 14 in Axes
  6160 | D:7      | Noticed Pikel
  6208 | D:7      | Killed Pikel
  6366 | D:7      | Found a transporter.
  6367 | D:7      | Found a transporter.
  6392 | D:7      | Noticed DerDa's ghost (novice MiBe)
  6471 | D:7      | Found a staircase to the Ecumenical Temple.
  6503 | Temple   | Entered the Ecumenical Temple
  6605 | Temple   | Became a worshipper of Warmaster Okawaru
  6605 | Temple   | Reached * piety under Okawaru
  6605 | Temple   | Reached ** piety under Okawaru
  6683 | D:8      | Noticed a manticore
  6695 | D:8      | Killed a manticore
  6695 | D:8      | Reached skill level 15 in Axes
  6911 | D:8      | Found a staircase to the Lair.
  6929 | D:8      | Found a glowing silver altar of Zin.
  6969 | D:8      | Reached *** piety under Okawaru
  6969 | D:8      | Reached XP level 10. HP: 79/84 MP: 9/9
  6971 | D:8      | Found Zodou's General Store.
  7083 | D:8      | Reached skill level 16 in Axes
  7524 | D:9      | Reached skill level 17 in Axes
  7783 | D:9      | Reached **** piety under Okawaru
  7837 | D:9      | Found Lugitut's Weapon Shop.
  7837 | D:9      | Found a staircase to the Orcish Mines.
  7837 | D:9      | Found Batzixt's Armour Shop.
  8039 | D:9      | Bought a +2 hat for 240 gold pieces
  8069 | D:10     | Entered Level 10 of the Dungeon
  8072 | D:10     | Noticed Erica
  8090 | D:10     | Killed Erica
  8090 | D:10     | Reached skill level 18 in Axes
  8524 | D:10     | Paralysed by a hornet for 1 turns
  8534 | D:10     | Reached XP level 11. HP: 57/90 MP: 10/10
  8820 | D:10     | Noticed a two-headed ogre
  8828 | D:10     | Killed a two-headed ogre
  8828 | D:10     | Reached ***** piety under Okawaru
  9325 | D:11     | Received a gift from Okawaru
  9702 | D:11     | Reached skill level 19 in Axes
 10417 | D:11     | Noticed a green ugly thing
 10720 | D:11     | Banished a green ugly thing
 10878 | D:12     | Noticed a two-headed ogre
 10894 | D:12     | Killed a two-headed ogre
 10948 | D:12     | Reached skill level 20 in Axes
 11022 | D:12     | Noticed a two-headed ogre
 11054 | D:12     | Found a gate leading to a gauntlet.
 11075 | Gauntlet | Entered a Gauntlet
 11075 | Gauntlet | Found a large runed translucent door.
 11075 | Gauntlet | Found a large runed translucent door.
 11075 | Gauntlet | Found a large runed translucent door.
 11075 | Gauntlet | Found a large runed translucent door.
 11075 | Gauntlet | Found a large runed translucent door.
 11075 | Gauntlet | Found a large runed translucent door.
 11075 | Gauntlet | Found a runed translucent door.
 11075 | Gauntlet | Found a transporter.
 11075 | Gauntlet | Found a runed translucent door.
 11075 | Gauntlet | Found a large runed translucent door.
 11075 | Gauntlet | Found a large runed translucent door.
 11075 | Gauntlet | Found a large runed translucent door.
 11075 | Gauntlet | Found a large runed translucent door.
 11075 | Gauntlet | Found a large runed translucent door.
 11075 | Gauntlet | Found a large runed translucent door.
 11076 | Gauntlet | Found a runed translucent door.
 11078 | Gauntlet | Found a transporter.
 11080 | Gauntlet | Found a runed translucent door.
 11090 | Gauntlet | Found a transporter.
 11094 | Gauntlet | Found a transporter.
 11106 | Gauntlet | Found a transporter.
 11123 | Gauntlet | Noticed a hell hog
 11124 | Gauntlet | Found a transporter.
 11127 | Gauntlet | Found a transporter.
 11131 | Gauntlet | Found a transporter.
 11132 | Gauntlet | Noticed an entropy weaver
 11133 | Gauntlet | Found a runed translucent gate.
 11133 | Gauntlet | Found a runed translucent gate.
 11133 | Gauntlet | Noticed a wolf spider
 11134 | Gauntlet | Found a large runed translucent door.
 11134 | Gauntlet | Found a large runed translucent door.
 11135 | Gauntlet | Found a runed translucent gate.
 11150 | Gauntlet | Noticed a wizard
 11151 | Gauntlet | Noticed a wizard
 11161 | Gauntlet | Found a transporter.
 11161 | Gauntlet | Found a transporter.
 11163 | Gauntlet | Found a large runed translucent door.
 11163 | Gauntlet | Found a large runed translucent door.
 11169 | Gauntlet | Found a transporter.
 11210 | Gauntlet | Found a transporter.
 11478 | Gauntlet | Got a pair of jewelled boots
 11487 | Gauntlet | Identified the +1 pair of boots "Nak Cim" {MR+} (You found
                  | it in a Gauntlet)
 11597 | Gauntlet | Noticed a minotaur
 11606 | Gauntlet | Hit by a silver javelin thrown by a minotaur

Levels and vault maps discovered:
D:1:      psy_arrival_radial02, layout_basic, xom_teletrap_fun
D:2:      layout_basic, first_ration, minmay_joined_circles
D:3:      cheibrodos_old_hovel, layout_rooms, led_sif_pool,
          minmay_shallow_snake_nest
D:4:      layout_basic, abandoned_shop, mrwooster_statue_mirror,
          minmay_splitting_lines
D:5:      layout_cave_pools
D:6:      layout_cave_pools, uniq_menkaure
D:7:      layout_basic, minmay_temple_entry_proselytizer,
          gammafunk_ghost_gnarly_gnolls, uniq_harold, uniq_pikel, uniq_duvessa
D:8:      layout_rooms, dpeg_oklobed_lair, serial_shops, shop, basic_altar
D:9:      layout_basic, orc_david_3
D:10:     layout_basic, hangedman_pestilent_swarm, uniq_erica
D:11:     layout_basic
D:12:     layout_cave_pods, gauntlet_entry_generic, uniq_sonja, uniq_gastronok
Temple:   kilobyte_greek_temple
Gauntlet: minmay_gauntlet_mixed_oops_all_seconds
          [minmay_gauntlet_arena_77_shame_cube,
          minmay_gauntlet_arena_make_your_own_arena,
          minmay_gauntlet_arena_77_museum, gammafunk_gauntlet_arena_teeth,
          minmay_gauntlet_arena_77_braids, nicolae_gauntlet_arena_quarters,
          gauntlet_exit_green]

Skill      XL: |  1  2  3  4  5  6  7  8  9 10 11 |
---------------+----------------------------------+-----
Axes           | 4 5 6 8 9 10 13 15 18 20 | 20.3
Armour         | 1 |  1.3
Shields        | 4 |  4.1
Fighting       | |  3.6
Dodging        | |  3.2
Stealth        | |  1.5

Action                   |  1- 3 |  4- 6 |  7- 9 | 10-12 || total
-------------------------+-------+-------+-------+-------++-------
Melee: Hand axe          |    62 |   134 |       |       ||   196
       Headbutt          |     4 |    30 |    41 |    66 ||   141
       War axe           |       |    23 |   210 |   323 ||   556
Throw: Dart              |       |       |     7 |    30 ||    37
Invok: Heroism           |       |       |       |     6 ||     6
       Finesse           |       |       |       |     1 ||     1
Evoke: Wand              |       |       |       |     2 ||     2
  Use: Potion            |       |     6 |     2 |       ||     8
       Scroll            |       |       |    12 |     8 ||    20
 Stab: Sleeping          |     3 |     2 |       |       ||     5
  Eat: Chunk             |     2 |     6 |     8 |    13 ||    29
       Ration            |       |       |     1 |       ||     1
Armor: Robe              |    10 |     8 |       |       ||    18
       Chain mail        |       |    30 |    56 |       ||    86
       Ring mail         |       |     6 |       |       ||     6
       Scale mail        |       |       |    41 |    87 ||   128
Dodge: Dodged            |    37 |    68 |   108 |    87 ||   300
Block: Buckler           |       |    18 |    64 |    56 ||   138

Table legend:
 A = Non-vault XP
 B = Vault XP
 C = Vault XP percentage of total XP
 D = Non-vault monster count
 E = Vault monster count
 F = Vault count percentage of total count
                 A         B        C        D         E       F
            +---------+---------+-------+---------+---------+-------
      Total |   14414 |    5460 |  27.5 |     224 |      48 |  17.6
            +---------+---------+-------+---------+---------+-------
        D:1 |      52 |       1 |   1.9 |      27 |       1 |   3.6
        D:2 |      81 |      80 |  49.7 |       9 |      17 |  65.4
        D:3 |      58 |      21 |  26.6 |      22 |       6 |  21.4
        D:4 |     341 |       0 |   0.0 |      17 |       0 |   0.0
        D:5 |     725 |       0 |   0.0 |      10 |       0 |   0.0
        D:6 |     133 |     172 |  56.4 |       9 |       1 |  10.0
        D:7 |     711 |    1993 |  73.7 |      13 |       5 |  27.8
        D:8 |    1638 |       0 |   0.0 |      23 |       0 |   0.0
        D:9 |    2916 |      18 |   0.6 |      25 |       6 |  19.4
       D:10 |    1422 |    1697 |  54.4 |      13 |       5 |  27.8
       D:11 |    4119 |       0 |   0.0 |      45 |       0 |   0.0
       D:12 |    2218 |       0 |   0.0 |      11 |       0 |   0.0
   Gauntlet |       0 |    1478 | 100.0 |       0 |       7 | 100.0
            +---------+---------+-------+---------+---------+-------
